 Dungeon Crawl Stone Soup version 0.30-a0-1163-gf69bf04e7a (webtiles) character file.

Game seed: 14453854254073996010

31 ytrimaz the Slasher (level 3, -3/27 HPs)
             Began as a Demonspawn Gladiator on Apr 28, 2023.
             Slain by Sigmund
             ... wielding a +0 scythe
              (8 damage)
             ... on level 2 of the Dungeon.
             The game lasted 00:01:07 (1041 turns).

ytrimaz the Slasher (Demonspawn Gladiator)          Turns: 1041, Time: 00:01:08

Health: -3/27      AC:  4    Str: 14    XL:     3   Next: 7%
Magic:  3/3        EV: 12    Int:  9    God:
Gold:   73         SH:  0    Dex: 16    Spells: 2/2 levels left

rFire   . . .        a - +1 long sword
rCold   . . .        (no shield)
rNeg    . . .        b - +0 leather armour
rPois   .            c - +0 helmet
rElec   .            (no cloak)
rCorr   .            (no gloves)
SInv    .            (no boots)
Will    .....        (no amulet)
Stlth   +            (no ring)
HPRegen 0.24/turn    (no ring)
MPRegen 0.08/turn

%: no passive effects
@: brilliant
A: hooves 1
a: no special abilities


You were on level 2 of the Dungeon.
You visited 1 branch of the dungeon, and saw 2 of its levels.

You collected 73 gold pieces.


Innate Abilities, Weirdness & Mutations

You have large cloven feet.


   Skills:
 - Level 2.0 Fighting
 * Level 3.5 Long Blades
 - Level 1.7 Throwing
 + Level 3.1 Dodging


You had 2 spell levels left.
You didn't know any spells.
Your spell library was empty.

Inventory:

Hand Weapons
 a - a +1 long sword (weapon)
Missiles
 d - 3 throwing nets (quivered)
 e - a javelin
Armour
 b - a +0 leather armour (worn)
 c - a +0 helmet (worn)
Scrolls
 g - 2 scrolls of teleportation
 i - a scroll of fear {unknown}
Potions
 f - a potion of brilliance

Dungeon Overview and Level Annotations

Branches:
Dungeon (2/15) Zot: 10941

Altars:

Annotations:
D:2 Sigmund

............
#8##...##8## #...
#### #8...8##.#
##...##...
#[..###.# ########
#...###.# #......#
8...8##..
#@####.###...###..
......{.#
#.##....#.#<.
..b.....#
#....####.##.
.)......#
####....#.###
#8###8###
####.#.### # ##
#......
############..###
.................
##############.##


You could see a bat (wandering).


Message History

Key pressed, stopping explore.
Unknown command.
No target in view!
A rat comes into view.
A rat is nearby!
You see here a viscous inky potion.
You hit the rat.
You kill the rat!
No target in view!
No target in view!
No target in view!
No target in view!
No target in view!
You see here a rat corpse.
f - 2 viscous inky potions (gained 1)
You see here a rat corpse.
Key pressed, stopping explore.
Found a stone staircase leading down.
There is a stone staircase leading down here.
Found an escape hatch in the ceiling.
There is an escape hatch in the ceiling here.
i - a scroll labelled ZOSALI PIFOUM Sigmund the Dreaded comes into view.
He is wielding a +0 scythe.
You closely miss Sigmund.
Sigmund shouts!
Sigmund screams, "Don't try to resist!"
Sigmund drinks a potion.
Sigmund suddenly seems more resistant.
You closely miss Sigmund. Sigmund closely misses you.
Unknown command.
You barely miss Sigmund. Your kick misses Sigmund.
Sigmund gestures at you while chanting. You resist with significant effort.
You closely miss Sigmund. Your kick misses Sigmund.
Sigmund hits you with a +0 scythe. 😕 HP[-5]
You take 5 damage, and now have 22/27 hp.
Unknown command.
You closely miss Sigmund.
Sigmund hits you with a +0 scythe. 😮 HP[-2]
You take 2 damage, and now have 20/27 hp.
You hit Sigmund.
You kick Sigmund. 😕 HP[+1] Unknown command.
It was a potion of brilliance.
You feel clever all of a sudden. Sigmund misses you.
It was a potion of ambrosia.
You are confused.
You feel invigorated. Sigmund completely misses you. 😕 HP[+5]
You regained 5 hp, and now have 26/27 hp.
It was a potion of curing.
You feel better.
You feel less invigorated. 😎 HP[+1]
Your hp is fully restored (27).
Unknown command.
You closely miss Sigmund. You kick Sigmund. Sigmund barely misses you.
Unknown command.
You barely miss Sigmund. You kick Sigmund. Sigmund looks at you with fury.
Sigmund gestures at you while chanting.
You are confused.
You slash Sigmund! Sigmund hits you but does no damage.
Unknown command.
You closely miss Sigmund.
Sigmund gestures wildly while chanting.
Sigmund flickers and vanishes!
Deactivating autopickup; reactivate with Ctrl-A.
You're too confused to move!
You hear some strange, mumbled words.
Something tries to affect you, but you resist.
You bump into the rock wall.
You hear some strange, mumbled words.
A puff of flame appears from out of thin air!
The puff of flame hits you! 😮 HP[-8]
You take 8 damage, and now have 19/27 hp.
MASSIVE DAMAGE!! (PAUSE)
You hit something. Your kick misses something.
Something hits you but does no damage.
You bump into the rock wall.
Something hits you. 😮 HP[-1]
You take 1 damage, and now have 18/27 hp.
Unknown command.
You bump into the rock wall.
You feel less confused. 😮 HP[+1]
You closely miss something.
You hear some strange, mumbled words.
A magic dart appears from out of thin air!
The magic dart hits you. Something hits you!
* * * LOW HITPOINT WARNING * * *
😱 HP[-15]
You take 15 damage, and now have 4/27 hp.
MASSIVE DAMAGE!! (PAUSE)
You barely miss something. Your kick misses something.
You closely miss something.
A bat comes into view.
Something hits you!
You die...

Skill      XL: |  1  2 |
---------------+-------+-----
Long Blades    | 3 |  3.5
Dodging        | 3 |  3.1
Fighting       | |  2.0
Throwing       | |  1.7

Action                     || total
---------------------------++-------
  Melee: Long sword        ||    73
         Kick              ||     8
    Use: Scroll            ||     4
         Potion            ||     3
   Stab: Sleeping          ||     2
 Armour: Leather armour    ||    24
  Dodge: Dodged            ||    49

Levels and vault maps discovered:
D:1:      onia_arrival_mini_spirals, layout_loops_cross
D:2:      layout_basic, serial_corexii_hall, corexii_hall_statues_t,
          corexii_hall_statues_t, corexii_hall_statues_x,
          chequers_hall_statues_wall_a, minmay_tall_x, uniq_sigmund,
          uniq_natasha, uniq_crazy_yiuf_cottage

Notes
Turn   | Place    | Note
-------+----------+-------------------------------------------
     0 | D:1      | ytrimaz the Demonspawn Gladiator began the quest for the
                  | Orb.
     0 | D:1      | Reached XP level 1. HP: 16/16 MP: 1/1
     0 | D:1      | magus.rc [v1.9.6]
   126 | D:1      | Reached skill level 3 in Long Blades
   130 | D:1      | Gained mutation: You have large cloven feet. [demonic
                  | ancestry]
   130 | D:1      | Reached XP level 2. HP: 15/22 MP: 2/2
   189 | D:1      | Reached skill level 3 in Dodging
   846 | D:2      | Reached XP level 3. HP: 26/27 MP: 3/3
  1018 | D:2      | Noticed Sigmund
  1039 | D:2      | HP: 4/27 [something (11)]
  1041 | D:2      | Slain by Sigmund

Vanquished Creatures
  2 ball pythons (D:1)
  A bat (D:1)
  3 endoplasms
  A giant cockroach (D:1)
  5 goblins
  3 hobgoblins (D:1)
  2 jackals (D:1)
  A quokka (D:1)
  2 frilled lizards (D:1)
  3 kobolds (D:1)
  5 rats
28 creatures vanquished.

Table legend:
 A = Non-vault XP
 B = Vault XP
 C = Vault XP percentage of total XP
 D = Non-vault monster count
 E = Vault monster count
 F = Vault count percentage of total count
                 A         B        C        D         E       F
            +---------+---------+-------+---------+---------+-------
      Total |      45 |       0 |   0.0 |      28 |       0 |   0.0
            +---------+---------+-------+---------+---------+-------
        D:1 |      39 |       0 |   0.0 |      24 |       0 |   0.0
        D:2 |       6 |       0 |   0.0 |       4 |       0 |   0.0
            +---------+---------+-------+---------+---------+-------

Skill      XL: |  1  2 |
---------------+-------+-----
Long Blades    | 3 |  3.5
Dodging        | 3 |  3.1
Fighting       | |  2.0
Throwing       | |  1.7

Action                     || total
---------------------------++-------
  Melee: Long sword        ||    73
         Kick              ||     8
    Use: Scroll            ||     4
         Potion            ||     3
   Stab: Sleeping          ||     2
 Armour: Leather armour    ||    24
  Dodge: Dodged            ||    49

Illustrated notes

Table legend:
 A = Kills in this place as a percentage of kills in the entire game.
 B = Kills by you in this place as a percentage of kills by you in the entire game.
 C = Kills by friends in this place as a percentage of kills by friends in the entire game.
 D = Other kills in this place as a percentage of other kills in the entire game.
 E = Experience gained in this place as a percentage of experience gained in the entire game.
 F = Experience gained in this place divided by the number of levels of this place that you have seen.
                   A       B       C       D       E      F
               +-------+-------+-------+-------+-------+----------------------
         Total | 100.0 | 100.0 |   N/A |   N/A | 100.0 |  22.5
       Dungeon | 100.0 | 100.0 |   N/A |   N/A | 100.0 |  22.5
               +-------+-------+-------+-------+-------+----------------------

Table legend: (Time is in decaauts)
 A = Elapsed time spent in this place.
 B = Non-inter-level travel time spent in this place.
 C = Inter-level travel time spent in this place.
 D = Time resting spent in this place.
 E = Time spent auto-exploring this place.
 F = Levels seen in this place.
 G = Mean time per level.
                   A        B        C        D        E       F      G
               +--------+--------+--------+--------+--------+-----+--------+
         Total |   1057 |   1029 |     28 |      0 |    802 |   2 |  528.5 |
       Dungeon |   1057 |   1029 |     28 |      0 |    802 |   2 |  528.5 |
               +--------+--------+--------+--------+--------+-----+--------+

Top non-repeatable levels by time:
     D:1: 754 daAuts
     D:2: 302 daAuts
